 Dungeon Crawl Stone Soup version 0.19-a0-606-gee5277e (webtiles) character file.

37 Etesian the Insei (level 3, 28/28 HPs)
             Began as a Draconian Transmuter on June 12, 2016.
             Was a Follower of Trog.
             Quit the game on level 2 of the Dungeon.
             The game lasted 00:03:31 (1844 turns).

Etesian the Insei (Draconian Transmuter)            Turns: 1844, Time: 00:03:32

Health: 28/28      AC:  6    Str: 12    XL:     3   Next: 23%
Magic:  6/6        EV: 12    Int: 13    God:    Trog [*.....]
Gold:   111        SH:  0    Dex: 12    Spells: 2 memorised, 2 levels left

rFire  . . .     SeeInvis .       - Unarmed
rCold  . . .     Gourm    .     (armour unavailable)
rNeg   + . .     Faith    .     (no shield)
rPois  .         Spirit   .     (helmet restricted)
rElec  .         Dismiss  .     (no cloak)
rCorr  .         Reflect  .     j - +0 pair of gloves
SustAt .         Harm     .     (no boots)
MR     .....                    (no amulet)
Stlth  +.........               (no ring)
                                m - ring of positive energy

@: not resistant to hostile enchantments, very unstealthy
A: unfitting armour, cold-blooded, AC +5
a: Berserk, Burn Spellbooks, Renounce Religion


You were on level 2 of the Dungeon.
You worshipped Trog.
Trog was aware of your devotion.
You were not hungry.

You visited 1 branch of the dungeon, and saw 2 of its levels.

You collected 111 gold pieces.

Inventory:

Missiles
 a - 12 arrows
Armour
 j - a +0 pair of gloves (worn)
Jewellery
 m - a ring of positive energy (left hand)
Scrolls
 e - a scroll of remove curse
 h - a scroll of teleportation
Potions
 k - a potion of flight
 l - 2 potions of lignification
 n - a potion of heal wounds {unknown}
 o - a potion of curing {unknown}
Books
 b - a book of Changes

   Spells                             Type                      Level
   a - Beastly Appendage              Transmutation                1
   b - Sticks to Snakes               Transmutation                2
   c - Spider Form                    Transmutation/Poison         3
   d - Ice Form                       Ice/Transmutation            4
   e - Blade Hands                    Transmutation                5
   Trog disapproves of the use of such an item.
Comestibles
 c - a bread ration
 d - 5 chunks of flesh
 f - 4 fruits
 i - a slice of pizza


   Skills:
 + Level 1.3 Fighting
 + Level 2.0 Dodging
 * Level 3.3 Unarmed Combat
 - Level 2.2 Spellcasting
 - Level 2.7 Transmutations


You had 2 spell levels left.
You knew the following spells:

 Your Spells              Type           Power        Failure   Level  Hunger
a - Beastly Appendage     Tmut           #.....       10%         1    ##.....
b - Spider Form           Tmut/Pois      #.........   52%         3    ####...


Dungeon Overview and Level Annotations

Branches:
Dungeon (2/15)

Altars:
Trog


Innate Abilities, Weirdness & Mutations

Your plain brown scales are hard. (AC +5)
Your body does not fit into most forms of armour.
You are cold-blooded and may be slowed by cold attacks.


Message History

a club; a hobgoblin corpse You butcher the hobgoblin corpse.
d - 6 chunks of flesh (gained 4)
You see here a club.
You start resting.
Eating one of 6 chunks of flesh.
This raw flesh tastes terrible.
You continue eating. x2
HP restored.
Health restored: 28
There is a stone staircase leading up here.
Found a faded altar of an unknown god.
Found a stone staircase leading up.
There is a faded altar of an unknown god here.
This altar will convert you to a god.
You cannot discern which.
Do you pray?
Okay, then.
This altar will convert you to a god.
You cannot discern which.
Do you pray? Trog accepts your prayer! Trog welcomes you!
You can now call upon Trog to burn spellbooks in your surroundings.
You can now go berserk at will.
Are you sure you want to abandon this character and quit the game? (Confirm with "yes".)

...<...........#
...#..######..#
....#.....#...#
..#.#####...#.#
..#.# #...##.#
#### ..#.#
#.#....###...#
.##.#
#.###........#..#
..#.# #.
#.....#.....#
#.#.. ........#@#
##. ...
#.........#.......
#.<..........##...
#..............
#..........#####.
...###.....# #
....... ##.....


There were no monsters in sight!

Vanquished Creatures
  An ooze (D:2)
  A worm (D:2)
  A dart slug (D:1)
  4 giant geckos
  4 hobgoblins
  4 kobolds (D:1)
  5 bats (D:1)
  A giant newt (D:2)
  2 goblins
  3 rats
26 creatures vanquished.

Notes
Turn   | Place    | Note
--------------------------------------------------------------
     0 | D:1      | Etesian the Draconian Transmuter began the quest for the Orb.
     0 | D:1      | Reached XP level 1. HP: 16/16 MP: 3/3
   545 | D:1      | Reached XP level 2. HP: 21/23 MP: 5/5
  1231 | D:2      | Reached XP level 3. HP: 14/28 MP: 6/6
  1601 | D:1      | Learned a level 3 spell: Spider Form
  1836 | D:2      | Found a faded altar of an unknown god.
  1844 | D:2      | Became a worshipper of Trog the Wrathful
  1844 | D:2      | Reached * piety under Trog
  1844 | D:2      | Quit the game

Vault maps used:
D:1:      erik_arrival_triangle_medium
D:2:      ecumenical_altar_1, grunt_decor_one_mirror

Skill      XL: |  1  2 |
---------------+-------+-----
Dodging        | 2 |  2.0
Fighting       | |  1.3
Unarmed Combat | |  3.3
Spellcasting   | |  2.2
Transmutations | |  2.7

Action                   || total
-------------------------++-------
Melee: Unarmed           ||    95
       Tailslap          ||     9
 Cast: Beastly Appendage ||     1
  Use: Scroll            ||     6
  Eat: Chunk             ||     3
Armor: Skin              ||    22
Dodge: Dodged            ||    59
